 Dungeon Crawl Stone Soup version 0.30.1-11-g7821555f0a (webtiles) character file.

Game seed: 18015410738300319099

88 rumournova the Trooper (level 4, 0/40 HPs)
             Began as a Draconian Monk on Nov 24, 2023.
             Was an Initiate of Ru.
             Hit by a goblin thrown by Robin (1 damage)
             ... on level 3 of the Dungeon.
             The game lasted 00:06:48 (2169 turns).

rumournova the Trooper (Draconian Monk)             Turns: 2169, Time: 00:06:49

Health: 0/40       AC:  5    Str: 15    XL:     4   Next: 30%
Magic:  4/4        EV: 13    Int: 11    God:    Ru [......]
Gold:   222        SH:  0    Dex: 13    Spells: 3/3 levels left

rFire   . . .        i - +4 scimitar (holy)
rCold   . . .        c - orb {light}
rNeg    . . .        (body armour unavailable)
rPois   .            (helmet restricted)
rElec   .            (no cloak)
rCorr   .            (no gloves)
SInv    .            (no boots)
Will    .....        (no amulet) Stlth
                     (no ring)
HPRegen 0.26/turn    (no ring)
MPRegen 0.09/turn

%: no passive effects
@: glowing
A: AC +5, unfitting armour, cold-blooded, no stealth
a: Renounce Religion


You were on level 3 of the Dungeon.
You worshipped Ru.
Ru was noncommittal.
You visited 1 branch of the dungeon, and saw 3 of its levels.

You collected 222 gold pieces.

Inventory:

Hand Weapons
 a - a +0 hand axe
 i - a +4 scimitar of holy wrath (weapon)
Missiles
 g - 6 datura-tipped darts (quivered)
 m - 5 poisoned darts
Armour
 c - an orb of light (worn)
Scrolls
 b - a scroll of identify {unknown}
 l - a scroll of enchant weapon {unknown}
 n - a scroll of teleportation
Potions
 d - 2 potions of flight {unknown}
 e - 2 potions of berserk rage {unknown}
 f - 3 potions of curing {unknown}
 h - 2 potions of heal wounds {unknown}
 j - a potion of brilliance {unknown}
 k - a potion of mutation {unknown}
 o - 2 potions of might {unknown}


   Skills:
 + Level 4.0 Fighting
 + Level 0.2 Long Blades
 + Level 4.0 Axes
 + Level 3.4 Dodging


You had 3 spell levels left.
You didn't know any spells.
Your spell library was empty.

Dungeon Overview and Level Annotations

Branches:
Dungeon (3/15)

Altars:
Ru

Annotations:
D:3 Robin


Innate Abilities, Weirdness & Mutations

Your plain brown scales are hard. (AC +5)
You cannot fit into any form of body armour.
You are cold-blooded and may be slowed by cold attacks.
You cannot be stealthy.


Message History

You slash the goblin!
You kill the goblin!
The goblin unwields a +0 dagger.
The goblin wields a +0 sling.
The goblin shoots a sling bullet.
The sling bullet barely misses you.
A goblin comes into view. It is wielding a +0 club.
Robin zaps a wand.
The bolt of dispelling energy hits the goblin!!
The goblin dies!
The bolt of dispelling energy hits you!
Robin zaps a wand.
The bolt of dispelling energy misses you.
A goblin comes into view. It is wielding a +0 club.
The goblin shouts! x2
A hobgoblin comes into view.
Things that are here:
a +0 club; a goblin corpse A hobgoblin and a goblin come into view.
The hobgoblin shouts!
A goblin comes into view. It is wielding a +0 club.
Robin throws the goblin at you!
A hobgoblin comes into view.
The hobgoblin shouts!
A goblin comes into view. It is wielding a +0 club.
Robin closely misses you.
Things that are here:
a +0 sling; a +0 dagger You hit Robin.
You tail-slap Robin, but do no damage.
Robin is moderately wounded.
The goblin hits you with a +0 club.
Robin zaps a wand.
The bolt of dispelling energy misses you.
The bolt of dispelling energy hits the goblin!
The goblin dies!
You hit Robin.
Robin is severely wounded.
Robin hits you with a +0 mace.
Robin zaps a wand.
The bolt of dispelling energy hits you!
* * * LOW HITPOINT WARNING * * *
You completely miss Robin.
Robin is severely wounded.
Robin throws the goblin at you!
You die...

################g.
####.....).)g@g.gggg.
#.....#####+#######g.
#......# . #......#
.. ###......# ...
#......#.# ....
#.###..#.##.....
#.............#
#.###.##.##########


You could see Robin, 3 hobgoblins and 4 goblins.

Vanquished Creatures
  Jessica (D:3)
  An adder (D:2)
  A worm (D:2)
  A dart slug (D:2)
  5 orcs
  2 ball pythons
  3 endoplasms
  3 giant cockroaches
  4 goblins
  3 hobgoblins
  7 kobolds
  6 bats
  4 frilled lizards
  2 rats (D:2)
43 creatures vanquished.

Vanquished Creatures (others)
  2 goblins (D:3)
2 creatures vanquished.

Grand Total: 45 creatures vanquished

Notes
Turn   | Place    | Note
-------+----------+-------------------------------------------
     0 | D:1      | rumournova the Draconian Monk began the quest for the Orb.
     0 | D:1      | Reached XP level 1. HP: 19/19 MP: 1/1
   127 | D:1      | Found a faded altar of an unknown god.
   219 | D:1      | Reached XP level 2. HP: 26/26 MP: 2/2
   274 | D:1      | Prayed at the altar of an unknown god.
   274 | D:1      | Became a worshipper of Ru the Awakened
   276 | D:1      | Gained mutation: You cannot be stealthy. [Ru sacrifice]
   923 | D:2      | Reached XP level 3. HP: 29/33 MP: 3/3
  1681 | D:2      | Identified a scroll of acquirement
  1681 | D:2      | Acquired a +4 scimitar of holy wrath
  2007 | D:3      | Noticed Jessica
  2021 | D:3      | Killed Jessica
  2022 | D:3      | Reached XP level 4. HP: 19/40 MP: 4/4
  2160 | D:3      | Noticed Robin
  2168 | D:3      | HP: 1/40 [Robin/bolt of dispelling energy (15)]
  2169 | D:3      | Hit by a goblin thrown by Robin

Illustrated notes

Levels and vault maps discovered:
D:1:      lemuel_arrival_hallway, layout_rooms, shapermc_ecumenical_altar_ellora
D:2:      layout_basic, minmay_fractal_squares_5
D:3:      layout_basic, uniq_jessica, uniq_sigmund, uniq_robin, uniq_grinder

Skill      XL: |  1  2  3 |
---------------+----------+-----
Dodging        | 3 |  3.4
Fighting       | 4 |  4.0
Axes           | 4 |  4.0
Long Blades    | |  0.2

Action                     |  1- 3 |  4- 6 || total
---------------------------+-------+-------++-------
  Melee: Hand axe          |    75 |       ||    75
         Tailslap          |    11 |     1 ||    12
         Scimitar          |     6 |     7 ||    13
 Invoke: Sacrifice Stealth |     1 |       ||     1
    Use: Scroll            |     4 |       ||     4
 Armour: Skin              |    40 |       ||    40
  Dodge: Dodged            |    79 |     7 ||    86
